 Dungeon Crawl Stone Soup version 0.20.1-1-g8b1a95d (webtiles) character file.

148 Orenix the Sneak (level 5, -4/26 HPs)
             Began as a Spriggan Assassin on Aug 25, 2017.
             Was an Initiate of Gozag.
             Slain by an iguana (14 damage)
             ... on level 3 of the Dungeon on Aug 26, 2017.
             The game lasted 00:38:27 (7531 turns).

Orenix the Sneak (Spriggan Assassin)                Turns: 7531, Time: 00:38:28

Health: -4/26      AC:  3    Str:  7    XL:     5   Next: 8%
Magic:  6/6        EV: 18    Int: 12    God:    Gozag
Gold:   49         SH:  0    Dex: 19    Spells: 4/4 levels left

rFire    . . .     SeeInvis +   a - +2 dagger
rCold    . . .     Gourm    .   (shield restricted)
rNeg     . . .     Faith    .   w - +0 robe
rPois    .         Spirit   .   (helmet restricted)
rElec    .         Reflect  .   d - +0 cloak
rCorr    .         Harm     .   (gloves unavailable)
MR       .....                  (boots unavailable)
Stlth    ++++......             (no amulet)
Regen    0.1/turn               u - ring of see invisible
MPRegen  0.1/turn               M - ring of flight

@: very quick
A: unfitting armour, see invisible, herbivore 3, speed 3, slow metabolism 2
a: Potion Petition, Call Merchant, Bribe Branch, Renounce Religion, Evoke Flight


You were on level 3 of the Dungeon.
You worshipped Gozag.
Gozag was noncommittal.
You were not hungry.

You visited 1 branch of the dungeon, and saw 3 of its levels.

You collected 71 gold pieces.
You paid 22 gold pieces to Gozag.

Inventory:

Hand Weapons
 a - a +2 dagger (weapon)
 b - a +0 blowgun
 q - a +0 flail
 x - a +0 dagger
 y - a +0 club
 z - a +0 dagger
 D - a +0 dagger
 N - a +0 spear
 S - a +0 dagger
 T - a +0 short sword
 U - a cursed -3 spear
 W - a +0 flail
Missiles
 e - 8 poisoned needles
 f - 2 curare-tipped needles
 k - 5 needles of sleeping
 o - 87 stones (quivered)
 p - 25 arrows
 r - 8 tomahawks
 v - 3 javelins
 A - 86 sling bullets
Armour
 c - a +0 robe
 d - a +0 cloak (worn)
 m - a +0 scale mail
 n - a +0 leather armour
 w - a +0 robe (worn)
 F - a +0 leather armour
 J - a cursed +0 ring mail
 X - a cursed +0 leather armour
Jewellery
 u - a ring of see invisible (left hand)
 M - a ring of flight (right hand)
Scrolls
 h - a scroll of amnesia {unknown}
 i - 3 scrolls of remove curse {unknown}
 s - a scroll of immolation {unknown}
 G - a scroll of noise {unknown}
 H - 5 scrolls of identify {unknown}
 I - a scroll of fog {unknown}
 V - a scroll of random uselessness {unknown}
 Z - a scroll of teleportation {unknown}
Potions
 j - a potion of magic {unknown}
 l - a potion of mutation {unknown}
 E - 3 potions of agility {unknown}
 L - a potion of heal wounds {unknown}
Comestibles
 g - 5 bread rations
 t - 3 meat rations


   Skills:
 + Level 1.8 Fighting
 + Level 3.7 Short Blades
 + Level 2.2 Throwing
 + Level 2.7 Dodging
 + Level 7.9 Stealth


You had 4 spell levels left.
You didn't know any spells.

Dungeon Overview and Level Annotations

Branches:
Dungeon (3/15)

Altars:
Gozag


Innate Abilities, Weirdness & Mutations

You are very small and have problems with some larger weapons.
You are too small for most types of armour.
You have supernaturally acute eyesight. (SInv)
You are a herbivore.
You cover ground extremely quickly.
You need consume almost no food.


Message History

The iguana is heavily wounded.
The iguana bites you.
You hit the iguana.
The iguana is severely wounded.
You hit the iguana but do no damage.
The iguana is severely wounded.
The iguana completely misses you.
You hit the iguana but do no damage.
The iguana is severely wounded.
The iguana barely misses you.
You hit the iguana but do no damage.
The iguana is severely wounded.
The iguana bites you!
Ouch! That really hurt!
You hit the iguana.
The iguana is severely wounded.
The iguana bites you!
Ouch! That really hurt!
You die...
Your body crumbles into a pile of gold.

###### # #
....#......# .#
###.##.##.###
....####.##.##.#
#>.........##.#
##.###.######.#
#.....#
##########
#.....#
#8..#.....
#.....#
#_........
#@....#
#8..#.....
#l....#
##########
####### $


You could see an iguana.

Vanquished Creatures
  3 adders (D:2)
  4 gnolls
  2 oozes
  A worm (D:2)
  3 dart slugs
  A leopard gecko (D:2)
  An orc (D:3)
  5 bats
  5 giant cockroaches
  11 goblins
  9 hobgoblins
  3 jackals (D:2)
  6 frilled lizards
  3 kobolds
  6 rats (D:1)
  A plant (D:1)
64 creatures vanquished.

Notes
Turn   | Place    | Note
-------+----------+-------------------------------------------
     0 | D:1      | Orenix the Spriggan Assassin began the quest for the Orb.
     0 | D:1      | Reached XP level 1. HP: 10/10 MP: 2/2
    34 | D:1      | Reached skill level 6 in Stealth
  1113 | D:1      | Reached XP level 2. HP: 13/14 MP: 3/3
  2586 | D:1      | Reached XP level 3. HP: 13/18 MP: 4/4
  2898 | D:1      | Reached skill level 7 in Stealth
  4264 | D:2      | Reached XP level 4. HP: 18/23 MP: 5/5
  6575 | D:3      | Reached XP level 5. HP: 26/26 MP: 6/6
  7202 | D:3      | Found an opulent altar of Gozag.
  7321 | D:3      | Became a worshipper of Gozag Ym Sagoz the Greedy
  7531 | D:3      | Slain by an iguana

Skill      XL: |  1  2  3  4 |
---------------+-------------+-----
Stealth        | 6 7 |  7.9
Dodging        | 2 |  2.7
Short Blades   | 3 |  3.7
Fighting       | |  1.8
Throwing       | |  2.2

Action                   |  1- 3 |  4- 6 || total
-------------------------+-------+-------++-------
Melee: Dagger            |   193 |   206 ||   399
Invok: Potion Petition   |       |     1 ||     1
 Stab: Sleeping          |     5 |     6 ||    11
       Distracted        |     2 |       ||     2
  Eat: Bread ration      |     1 |       ||     1
Armor: Robe              |    12 |    25 ||    37
Dodge: Dodged            |    75 |   156 ||   231
